AoeStats
← Shane-Saw FR

Black Forest

510053766Analyzed
4v4 RM · 2d ago on Sep 29, 2026· 38m 58s· 8 players
Game mode
Random Map
Map size
Large (8 player)
Population
200
Speed
Normal
Resources
Standard
Victory
Conquest
Starting age
Dark Age
Ending age
Imperial Age
RankedLock teamsTeams togetherTeam positionsShared explorationLock speedFull tech treeHidden civsTurbo modeCheats
Victory
Defeat
🇹🇼 Bulgarians · Taiwan
1296
+14
🇨🇳 Japanese · China
1288
+15
🇳🇵 Saracens · Nepal
1243
+17
🇨🇳 Persians · China
1178
+20
🇲🇽 Lithuanians · Mexico
1298
-18
🇦🇺 Inca · Australia
1297
-18
🇫🇷 Ethiopians · France
1264
-17
🇹🇼 Georgians · Taiwan
1172
-13
GemGem27
0:32 Loom
11:45 Feudal Age
12:12 Double-Bit Axe
12:33 Town Watch
17:08 Castle Age
15:05 Horse Collar
17:33 Crossbowman
18:19 Fletching
22:30 Bodkin Arrow
29:57 Padded Archer Armor
34:36 Imperial Age
34:31 Bow Saw
35:55 Bracer
37:08 Leather Archer Armor
37:17 Thumb Ring
36:33 Arbalester
38:21 Ballistics
39:16 Wheelbarrow
仙逆许木
11:16 Feudal Age
12:06 Double-Bit Axe
14:58 Castle Age
13:26 Horse Collar
16:00 Bow Saw
15:59 Heavy Plow
16:55 Wheelbarrow
22:01 Hand Cart
22:26 Gold Mining
22:48 Stone Mining
24:01 Loom
24:19 Fletching
30:43 Imperial Age
28:53 Pikeman
29:33 Squires
29:55 Yasama
30:04 Scale Mail Armor
30:15 Forging
30:31 Bodkin Arrow
31:12 Chain Mail Armor
32:19 Kataparuto
31:37 Halberdier
32:31 Bracer
33:23 Iron Casting
32:49 Guard Tower
33:50 Plate Mail Armor
33:08 Treadmill Crane
33:48 Ballistics
33:41 Masonry
35:14 Blast Furnace
35:16 Siege Engineers
36:12 Chemistry
35:58 Conscription
38:22 Heavy Scorpion
5720638
0:47 Loom
14:51 Feudal Age
14:54 Man-at-Arms
15:28 Double-Bit Axe
16:05 Arson
17:19 Fletching
31:57 Castle Age
30:04 Horse Collar
34:50 Bow Saw
34:41 Heavy Plow
Fun4
7:48 Loom
11:58 Feudal Age
15:45 Castle Age
13:48 Double-Bit Axe
14:50 Fishing Lines
17:42 Bow Saw
22:14 Fletching
23:31 Wheelbarrow
25:00 Gold Mining
26:03 Scale Barding Armor
27:25 Chain Barding Armor
30:57 Imperial Age
28:42 Horse Collar
29:53 Heavy Plow
30:23 Forging
31:20 Stirrups
32:51 Crop Rotation
32:27 Stone Mining
33:20 Plate Barding Armor
33:35 Gillnets
34:36 Iron Casting
34:37 Elite Konnik
36:21 Conscription
37:44 Fervor
39:32 Blast Furnace
蛋雕
11:49 Feudal Age
12:54 Double-Bit Axe
16:10 Castle Age
14:11 Horse Collar
14:38 Fishing Lines
15:47 Loom
17:54 Bow Saw
21:49 Gillnets
22:46 Town Watch
23:38 Wheelbarrow
24:09 Gold Mining
25:16 Stone Mining
26:08 Heavy Plow
29:41 Fletching
31:25 Bodkin Arrow
31:41 Forging
34:42 Imperial Age
32:13 Murder Holes
32:39 Ballistics
32:53 Svan Towers
33:43 Hand Cart
33:34 Scale Barding Armor
34:18 Iron Casting
34:31 Masonry
35:02 Chain Barding Armor
35:33 Bracer
36:13 Architecture
37:21 Blast Furnace
37:29 Plate Barding Armor
38:15 Stone Shaft Mining
38:58 Chemistry
39:03 Crop Rotation
39:07 Conscription
Shane-Saw FR
1:08 Loom
11:43 Feudal Age
14:16 Double-Bit Axe
19:34 Castle Age
20:12 Elite Skirmisher
28:37 Fishing Lines
34:03 Fletching
34:23 Crossbowman
35:55 Padded Archer Armor
35:50 Bodkin Arrow
38:39 Wheelbarrow
40:43 Imperial Age
man_mel49
10:52 Feudal Age
11:22 Double-Bit Axe
16:40 Castle Age
15:42 Horse Collar
19:03 Bow Saw
20:47 Wheelbarrow
24:27 Bloodlines
24:39 Scale Barding Armor
24:32 Loom
28:27 Chain Barding Armor
28:05 Gold Mining
28:07 Stone Mining
28:38 Hand Cart
34:02 Imperial Age
31:52 Husbandry
32:04 Caravan
32:54 Stone Shaft Mining
34:05 Coinage
33:31 Elite Skirmisher
34:11 Cavalier
35:53 Chemistry
35:32 Plate Barding Armor
35:48 Fletching
38:12 Bodkin Arrow
38:41 Padded Archer Armor
Shotel California
2:14 Loom
12:05 Feudal Age
12:57 Double-Bit Axe
17:21 Fletching
24:42 Wheelbarrow
24:27 Horse Collar
29:03 Castle Age
30:12 Hand Cart
34:52 Masonry
34:34 Guard Tower
34:40 Bodkin Arrow
35:09 Town Watch
35:27 Heavy Plow
35:01 Pikeman
36:25 Bow Saw
37:39 Gold Mining
38:47 Fortified Wall
Connection lost

Rejoining the realm…

Still unreachable

The connection could not be restored.

Session expired

The server has moved on; the page needs a fresh start.